AoeStats
← Laninadlatic

Nomad

508380869Analyzed
2v2 RM · 10d ago on Sep 22, 2026· 59m 11s· 4 players
Game mode
Random Map
Map size
176×176
Population
200
Speed
Normal
Resources
Standard
Victory
Conquest
Starting age
Dark Age
Ending age
Imperial Age
RankedLock teamsTeams togetherTeam positionsShared explorationLock speedFull tech treeHidden civsTurbo modeCheats
Victory
Defeat
🇨🇳 Persians · China
872
+13
🇺🇸 Spanish · United States
870
+13
🇹🇷 Huns · Türkiye
833
-14
🇪🇸 Lithuanians · Spain
769
-12
Fatih
10:31 Loom
15:05 Feudal Age
18:31 Castle Age
38:51 Fletching
39:04 Padded Archer Armor
41:01 Horse Collar
43:47 Leather Archer Armor
51:08 Town Watch
Laninadlatic
3:52 Loom
18:12 Feudal Age
19:14 Double-Bit Axe
22:15 Castle Age
22:10 Wheelbarrow
23:39 Bow Saw
23:50 Stone Mining
24:16 Gold Mining
37:13 Imperial Age
36:59 Hand Cart
36:30 Town Watch
37:45 Ballistics
41:38 Chemistry
44:55 Scale Barding Armor
45:01 Forging
47:30 Bloodlines
47:21 Husbandry
47:20 Fletching
47:31 Padded Archer Armor
48:18 Chain Barding Armor
48:34 Iron Casting
47:28 Elite Skirmisher
48:54 Thumb Ring
49:27 Bodkin Arrow
49:48 Leather Archer Armor
56:03 Pikeman
56:43 Squires
FluxLithium
14:59 Feudal Age
14:34 Loom
18:36 Castle Age
22:59 Padded Archer Armor
44:24 Imperial Age
47:49 Pikeman
48:31 Scale Mail Armor
48:41 Forging
48:22 Fletching
50:17 Conscription
51:46 Leather Archer Armor
55:09 Elite Conquistador
55:47 Bodkin Arrow
56:49 Ring Archer Armor
58:05 Bracer
1627684093
4:17 Loom
21:14 Feudal Age
24:04 Double-Bit Axe
26:46 Castle Age
34:23 Wheelbarrow
33:33 Town Watch
40:00 Imperial Age
38:28 Hand Cart
38:13 Town Patrol
38:33 Town Patrol
39:35 Gold Mining
39:38 Stone Mining
41:24 Chemistry
40:34 Masonry
43:17 Pikeman
43:57 Squires
44:09 Halberdier
46:57 Architecture
48:45 Bow Saw
51:34 Gold Shaft Mining
51:35 Stone Shaft Mining
51:42 Elite War Elephant
56:24 Devotion
Connection lost

Rejoining the realm…

Still unreachable

The connection could not be restored.

Session expired

The server has moved on; the page needs a fresh start.